[Event "*** Titled Tuesday Blitz"]
[Site "Chess.com"]
[Date "2021.02.16"]
[Round "1"]
[White "Zkid"]
[Black "korkmaz16"]
[Result "1-0"]
[WhiteElo "2793"]
[BlackElo "2417"]
[TimeControl "180+1"]
[EndTime "10:08:03 PST"]
[Termination "Zkid won by checkmate"]

1. e4 e6 2. d4 d5 3. Nc3 Nf6 4.
Bg5 Be7 5. e5 Nfd7 6. Bxe7 Qxe7 7. f4 a6 8. Nf3 c5 9. Qd2 Nc6 10. h4 b5 11. a3 Nb6 12. Qf2 cxd4 13. Nxd4 Nxd4 14. Qxd4 Nc4 15. h5 O-O 16. b3 Nxa3 17. Bd3 b4 18. Ne2 Bd7 19. g4 Bb5 20. Kf2 Rac8 21.
Rac1 f6 22. h6 g6 23. Kg3 a5 24. exf6 Qxf6 25. Qxf6 Rxf6 26. Nd4 Bd7 27. Rhe1 Rc3 28. g5 Rf8 29. Nf3 Rfc8 30. Ra1 Nxc2 31. Bxc2 Rxc2 32. Rxa5 R8c3 33. Ra7 Bc6 34. Rxe6 d4 35. Rxc6 Rxc6 36. Rg7+ Kh8 37. Rd7 Rc8 38. Nxd4 R2c3+ 39. Kg4 Rd3 40. f5 gxf5+ 41. Kxf5 Rf8+ 42. Ke4 Rd1 43. Rd5 Re8+ 44. Kf4 Rf8+ 45. Ke5 Re1+ 46. Kd6 Rd8+ 47. Kc5 Rxd5+ 48. Kxd5 Rg1 49. Ne6 Rg3 50. Kc4 Re3 51. Nc5 Re5 52.
Kxb4 Rxg5 53. Kc4 Rg6 54. b4 Rxh6 55. b5 Rg6 56. Nd3 h5 57. Ne5 Rg5 58. Nf7+ Kg7 59. Nxg5 Kf6 60. Nh3 Kf5 61. b6 Kg4 62. Ng1 Kg3 63. b7 h4 64. b8=Q+ Kg2 65. Qg8+ Kh1 66. Nf3 h3 67. Qg1# 1-0

[Event "*** Titled Tuesday Blitz"]
[Site "Chess.com"]
[Date "2021.02.16"]
[Round "1"]
[White "MaxLeto"]
[Black "PotapovaM"]
[Result "1-0"]
[WhiteElo "2337"]
[BlackElo "2604"]
[TimeControl "180+1"]
[EndTime "10:08:03 PST"]
[Termination "MaxLeto won by checkmate"]

1. e4 c5 2. Nf3 d6 3. d4 cxd4 4.
Nxd4 Nf6 5. Nc3 a6 6. h3 e5 7.
Nde2 h5 8. Bg5 Be6 9. Nd5 Nbd7 10. Nec3 Be7 11. Bxf6 Nxf6 12. Bc4 Rc8 13. Bb3 h4 14. O-O O-O 15. a4 Nxd5 16. Bxd5 Qd7 17. Qd3 Rc5 18. Ra3 Qc8 19. b4 Rc7 20. a5 Qb8 21. Na4 Rfc8 22. Nb6 Rd8 23. c4 Rf8 24. Rd1 Qd8 25.
Qf3 Qb8 26. Qe2 Qe8 27. Rad3 Qb8 28. Qh5 g6 29. Qh6 Bf6 30. Bxe6 fxe6 31. Qxg6+ Rg7 32. Qh5 Be7 33. Nd7 Qd8 34. Nxf8 Qxf8 35. Rf3 Qd8 36. c5 Rg5 37. Qf7+ Kh8 38. Qxe6 Rg7 39. cxd6 Bg5 40. Qxe5 Kh7 41. Qf5+ Rg6 42. e5 Kh6 43. d7 Rg7 44. e6 Be7 45. Qf4+ Kh7 46. Qe4+ Kh8 47. Qxb7 Qg8 48. Rf7 Rxg2+ 49. Qxg2 Qd8 50. Qg6 Bf6 51. Qh7# 1-0

[Event "*** Titled Tuesday Blitz"]
[Site "Chess.com"]
[Date "2021.02.16"]
[Round "1"]
[White "bait_or_mate"]
[Black "Andrakhanova"]
[Result "1-0"]
[WhiteElo "2558"]
[BlackElo "2249"]
[TimeControl "180+1"]
[EndTime "10:08:03 PST"]
[Termination "bait_or_mate won by resignation"]

1. d4 d5 2. c4 e6 3. Nf3 c6 4. g3 Nd7 5. Nbd2 Ngf6 6. Bg2 Bd6 7. O-O O-O 8. b3 Qc7 9. Bb2 Rd8 10. Qc2 h6 11.
Rac1 a5 12. Rfd1 a4 13. e4 dxe4 14. Nxe4 Nxe4 15. Qxe4 axb3 16. axb3 Ra2 17. Qb1 Ra7 18. Nd2 Nf6 19. c5 Be7 20. Nc4 Nd5 21. Bc3 b5 22. cxb6 Nxb6 23. Ba5 Rxa5 24. Nxa5 c5 25. Nc6 Re8 26. Nxe7+ Qxe7 27. dxc5 Nd5 28. b4 Ba6 29. b5 Rb8 30. b6 Bc8 31. Rxd5 exd5 32. Bxd5 Qg5 33. Bg2 Bf5 34. Qb2 Qd8 35. b7 Qc7 36. c6 Be6 37. Qd4 Rxb7 38. cxb7 Qxc1+ 39. Bf1 Bh3 40.
b8=Q+ Kh7 41. Qd3+ f5 42. Qf4 Qa1 43. Qh4 Bxf1 44.
Qxf1 Qe5 45. Qf4 Qe6 46. Qd3 Kg6 47. h4 Qf6 48. h5+ Kxh5 49. Qdxf5+ Qxf5 50. Qxf5+ g5 51. Qf7+ Kg4 52. Kg2 1-0

[Event "*** Titled Tuesday Blitz"]
[Site "Chess.com"]
[Date "2021.02.16"]
[Round "1"]
[White "Kale36"]
[Black "AliKa2810"]
[Result "0-1"]
[WhiteElo "2221"]
[BlackElo "2542"]
[TimeControl "180+1"]
[EndTime "10:08:03 PST"]
[Termination "AliKa2810 won by resignation"]

1. d4 d5 2. Nc3 Nf6 3. Bg5 c5 4.
e4 Nxe4 5. Nxe4 dxe4 6. dxc5 Qa5+ 7. c3 Qxc5 8. Qd2 Nc6 9. O-O-O Be6 10. Be3 Qa5 11.
Bc4 Rd8 12. Qe2 Rxd1+ 13. Kxd1 Bxc4 14. Qxc4 e6 15. Ne2 Be7 16. Kc2 O-O 17. Rd1 Rc8 18. Qb3 h6 19. Kb1 b5 20. Nd4 Nxd4 21. Rxd4 Qc7 22. g3 Qc6 23. a4 a6 24. Qc2 b4 25. Qxe4 Qxe4+ 26. Rxe4 bxc3 27. b4 c2+ 28. Kc1 a5 29. Bc5 Bxc5 30. bxc5 Rxc5 31. Re2 Rc4 32.
Rxc2 Rxa4 33. Rc8+ Kh7 34. Kd2 Rb4 35. Ra8 a4 36. h4 Kg6 37. Ke3 Kf5 38. Ra5+ e5 39. Kf3 Rb3+ 40. Kg2 a3 41. Ra7 Kg6 42. g4 e4 43. Ra6+ f6 44. Ra5 Rc3 45. Kh2 h5 46.
gxh5+ Kh6 47. Kg2 Rb3 48. Kh2 Rb2 49. Kg3 a2 50. Kg4 f5+ 51. Kxf5 Rb5+ 52. Rxb5 a1=Q 53. Kxe4 Qa4+ 54. Kf5 Qxb5+ 55. Kg4 Qxh5+ 56. Kg3 Kg6 57. f4 Kf5 0-1

[Event "*** Titled Tuesday Blitz"]
[Site "Chess.com"]
[Date "2021.02.16"]
[Round "1"]
[White "googlegoom"]
[Black "MuhittinBuker"]
[Result "0-1"]
[WhiteElo "2472"]
[BlackElo "2074"]
[TimeControl "180+1"]
[EndTime "10:08:05 PST"]
[Termination "MuhittinBuker won on time"]

1. Nf3 Nf6 2. b3 g6 3. Bb2 Bg7 4. e3 O-O 5. Be2 d5 6. d4 b6 7. O-O Bb7 8. Nbd2 Nbd7 9. c4 c6 10. Rc1 Rc8 11. Qc2 Re8 12. Rfd1 dxc4 13. Nxc4 Qc7 14.
Qb1 Qb8 15. Nce5 c5 16. dxc5 Nxc5 17. Ng5 Rf8 18. Bc4 e6 19. b4 Nce4 20. Ngxf7 Rxc4 21. Rxc4 Rxf7 22. Nxf7 Kxf7 23. f3 Ng5 24. Qc2 Nd5 25. Re1 Bxb2 26. Qxb2 b5 27. Rd4 e5 28. Rd2 Qe8 29. Qb3 Qe6 30. Red1 Ne7 31. Qxe6+ Nxe6 32. Rd7 Bc6 33. Rxa7 Kf6 34. Rd6 Bd5 35. Rda6 Bc4 36. Rb7 Nd5 37. a3 Nxe3 38. Rxh7 Kf5 39. Rf7+ Kg5 40.
Re7 Nf4 41. Rxe5+ Kh6 42. g3 Nh3+ 43. Kh1 Nf5 44. g4 Nh4 45. Re1 Kg5 46. f4+ Kxg4 47.
Rf6 Nf5 48. Rxg6+ Kxf4 49. Rg2 Bd5 0-1

[Event "*** Titled Tuesday Blitz"]
[Site "Chess.com"]
[Date "2021.02.16"]
[Round "1"]
[White "OldweakGM"]
[Black "lolo9292"]
[Result "0-1"]
[WhiteElo "2789"]
[BlackElo "2444"]
[TimeControl "180+1"]
[EndTime "10:08:07 PST"]
[Termination "lolo9292 won on time"]

1. Nf3 d5 2. d4 c6 3. Bf4 Qb6 4.
Qc1 Nf6 5. e3 Nh5 6. Bg3 Nxg3 7.
hxg3 g6 8. c4 e6 9. Nc3 Bg7 10.
cxd5 exd5 11. Nxd5 Qd8 12. Nc3 O-O 13. Bc4 Nd7 14.
Bb3 c5 15. O-O cxd4 16. exd4 b6 17. Re1 Bb7 18. Qf4 Rc8 19. Nd5 Bxd5 20. Bxd5 Nf6 21. Bb3 Nh5 22. Qe4 Nf6 23. Qd3 Ng4 24. Re4 h5 25. Rae1 Bf6 26. Rxg4 hxg4 27. Qxg6+ Kh8 28. Qh6+ Kg8 29. Re5 Bxe5 30. Nxe5 Qxd4 31. Qg6+ Kh8 32. Bxf7 Qd2 33. Qf6+ Kh7 34. Qf5+ Kg7 35. Qxg4+ Kf6 36. Qe6+ Kg7 37. Qg6+ Kh8 38. Qf6+ Kh7 39. Bg6+ Kg8 40. Qe6+ Kh8 41. Qh3+ Kg7 42. Qh7+ Kf6 43. Nd7+ Ke6 44.
Nxf8+ Rxf8 45. f4 Qd4+ 46. Kf1 Qc4+ 47. Bd3 Qc1+ 48. Kf2 Qxb2+ 49. Kf3 Qd4 50. Qh6+ Rf6 51. Qh3+ Kd6 52. Qh7 Re6 53. Be4 Qc3+ 54. Kg4 Re7 55. Qg6+ Kc7 56. Kh3 Qh8+ 0-1

[Event "*** Titled Tuesday Blitz"]
[Site "Chess.com"]
[Date "2021.02.16"]
[Round "1"]
[White "CSB7"]
[Black "HrvojeZagreb"]
[Result "0-1"]
[WhiteElo "2528"]
[BlackElo "2237"]
[TimeControl "180+1"]
[EndTime "10:08:07 PST"]
[Termination "HrvojeZagreb won by resignation"]

1. d4 e6 2. Nf3 f5 3. c4 Nf6 4. Nc3 Bb4 5. Qb3 Bxc3+ 6. Qxc3 O-O 7. g3 d6 8. Bg2 Qe8 9. O-O Nbd7 10. b3 e5 11. dxe5 dxe5 12. Ba3 c5 13. Rad1 e4 14. Ne1 b6 15. Nc2 Ne5 16. Bb2 Nc6 17. Rd6 Bb7 18. Rfd1 Rd8 19. Rxd8 Nxd8 20. Ne3 Ne6 21. Nxf5 Qh5 22. Nd6 Ba8 23. h3 Nd4 24. Rxd4 cxd4 25. Qxd4 Qxe2 26. Nf5 e3 27. Nxe3 Bxg2 28.
Kxg2 h6 29. h4 Rf7 30. a4 Nh5 31. Nd5 Qf3+ 32. Kg1 Nf6 33. Nxf6+ Rxf6 34. Qd2 Rf7 35. Bc3 Qf5 36. a5 bxa5 37. Bxa5 Qb1+ 38. Kg2 Qxb3 39. Qd5 Qb8 40. c5 Qf8 41. Be1 Kh8 42. Qb3 Rc7 43. Qc2 Qxc5 44. Qe4 Qc6 45. Qxc6 Rxc6 46. Kf3 Ra6 47.
Bc3 Ra2 48. Ke4 a5 49. Bd4 a4 50. f4 a3 51. g4 Rg2 52. Kf5 a2 53. Kg6 Rxg4+ 54. Kh5 Rxf4 55. Ba1 Rf1 56. Bxg7+ Kxg7 0-1

[Event "*** Titled Tuesday Blitz"]
[Site "Chess.com"]
[Date "2021.02.16"]
[Round "1"]
[White "RamyresCoelho"]
[Black "WPWPWP-2015"]
[Result "0-1"]
[WhiteElo "2076"]
[BlackElo "2490"]
[TimeControl "180+1"]
[EndTime "10:08:07 PST"]
[Termination "WPWPWP-2015 won on time"]

1. e4 c5 2. Nf3 d6 3. d4 cxd4 4.
Nxd4 Nf6 5. Nc3 a6 6. f3 e5 7. Nb3 Be7 8. Be3 O-O 9. Qd2 Be6 10. O-O-O h5 11. h3 h4 12. Kb1 Nh5 13. Bf2 Nc6 14. Nd5 Bg5 15. Be3 Bxe3 16. Nxe3 Bxb3 17. cxb3 Ng3 18.
Rg1 Nd4 19. Nc2 Nxc2 20. Qxc2 Rc8 21. Qd2 Qb6 22. Bc4 d5 23. exd5 Qg6+ 24. Ka1 b5 25.
Bd3 f5 26. Rge1 Rfe8 27. Bb1 Rcd8 28. d6 Kh8 29. Qd5 e4 30. fxe4 fxe4 31. d7 Re7 32. Qb7 Qf5 33. Qxa6 Rexd7 34. Rxd7 Rxd7 35. Qc8+ Kh7 36. Qc1 Re7 37. Qe3 Qe5 38. a3 Re6 39. Ka2 g6 40.
Qa7+ Re7 41. Qe3 Kg7 42. Rc1 Rd7 43. Rc8 Nf5 44. Qxe4 Qxe4 45. Bxe4 Ne3 46. Rc6 Rd2 47. Rxg6+ Kf7 48. Rb6 Nd1 49. Bg6+ Kg7 50. Be4 Nc3+ 51. Ka1 Rd1+ 0-1

[Event "*** Titled Tuesday Blitz"]
[Site "Chess.com"]
[Date "2021.02.16"]
[Round "1"]
[White "Stewie_89"]
[Black "jaramsdal"]
[Result "1-0"]
[WhiteElo "2611"]
[BlackElo "2309"]
[TimeControl "180+1"]
[EndTime "10:08:09 PST"]
[Termination "Stewie_89 won by resignation"]

1. e4 c5 2. Nf3 d6 3. Bb5+ Nd7 4.
O-O a6 5. Bxd7+ Bxd7 6. d4 cxd4 7.
Nxd4 g6 8. c4 Bg7 9. Nc3 Nf6 10.
Bg5 O-O 11. Rc1 Rc8 12. b3 Qa5 13. Nf3 Bg4 14. Bh4 Qh5 15. Bxf6 Bxf6 16. Nd5 Bg5 17. Rc3 e6 18. Ne3 Bxf3 19. Qxf3 Qxf3 20. gxf3 Bf4 21. Ng2 Be5 22. Rd3 g5 23. Ne3 h5 24. a4 h4 25. Ng4 Bf4 26. e5 dxe5 27. Rd7 b6 28.
Rfd1 Kg7 29. Rb7 Rb8 30. Ra7 Ra8 31. Rdd7 Rxa7 32. Rxa7 a5 33. Rb7 Kg6 34. Rxb6 h3 35. c5 Rd8 36. Kf1 f5 37. Ne3 Bxh2 38. Rxe6+ Kf7 39.
Rh6 Bf4 40. Rxh3 Bxe3 41. fxe3 Rd3 42. Rh7+ Ke6 43. Rb7 Rxe3 44. Kf2 Rc3 45. Rb5 Kd5 46. c6+ Kxc6 47. Rxe5 f4 48. Rxg5 Rxb3 49. Rxa5 Rb2+ 50.
Ke1 Rb3 51. Ke2 Rb2+ 52. Kd3 Rb4 53. Kc3 Rb1 54. Kd4 Re1 55. Rf5 Ra1 56. a5 Ra4+ 57. Ke5 Rxa5+ 58. Kxf4 Ra1 59. Re5 Kd6 60. Re2 Rg1 61.
Kf5 Kd5 62. Rd2+ Kc6 63. f4 Kc7 64. Kf6 Kc6 65. f5 Kc7 66. Kf7 Kc6 67. f6 Kc7 68. Kf8 Kc8 69. f7 Kc7 70. Rd4 Kc8 71. Ke7 Re1+ 72. Kf6 Rf1+ 73. Ke6 Re1+ 74. Kf5 1-0

[Event "*** Titled Tuesday Blitz"]
[Site "Chess.com"]
[Date "2021.02.16"]
[Round "1"]
[White "Aleksandar-Topalov"]
[Black "Szparu"]
[Result "0-1"]
[WhiteElo "2356"]
[BlackElo "2662"]
[TimeControl "180+1"]
[EndTime "10:08:10 PST"]
[Termination "Szparu won on time"]

1. b3 d5 2. Bb2 Bg4 3. f3 Bf5 4. d4 Nf6 5. e3 e6 6. Bd3 Bd6 7. Ne2 O-O 8. Ng3 Bg6 9. O-O c5 10.
Bxg6 hxg6 11. Nd2 Nc6 12. a3 Qb6 13. c3 e5 14. dxe5 Nxe5 15. Qe2 c4 16. b4 Nd3 17. Rab1 Rfe8 18. Rfe1 Nxe1 19. Rxe1 a5 20. Kh1 axb4 21. cxb4 Be5 22. Bxe5 Rxe5 23. Nb1 Rae8 24. Nf1 d4 25. Qxc4 dxe3 26. Nc3 Qe6 27. Qe2 Nd5 28. Ne4 f5 29. Ng5 Qf6 30. h4 f4 31. Qc4 Qc6 32. Qa2 b5 33. Nh2 Qc4 34. Qb1 Rf5 35. Ng4 Nc3 36. Qc2 e2 37. Qd2 Rd5 38. Qc2 Qd3 39.
Qb3 Ne4 40. Qa2 Nxg5 41. hxg5 Qc4 42. Qb1 Rxg5 43. Nf2 Rh5+ 44. Kg1 Rg5 45. Kh2 Qd4 46.
Nh3 Rf5 47. Qa2+ Qc4 48. Qd2 Re3 49. Nf2 Qc3 50. Qd8+ Rf8 51. Qd5+ Kh8 52. Ng4 Qxe1 53. Qg5 Qg3+ 0-1

[Event "*** Titled Tuesday Blitz"]
[Site "Chess.com"]
[Date "2021.02.16"]
[Round "1"]
[White "ErikRonka"]
[Black "Euge_chess"]
[Result "1-0"]
[WhiteElo "2500"]
[BlackElo "2108"]
[TimeControl "180+1"]
[EndTime "10:08:10 PST"]
[Termination "ErikRonka won on time"]

1. e4 e5 2. Nc3 Nf6 3. Bc4 Nc6 4. d3 Bb4 5. Ne2 O-O 6. O-O h6 7. f4 d6 8. Nd5 Bc5+ 9. Kh1 Bg4 10. c3 Nxd5 11. Bxd5 Qh4 12. f5 Qh5 13. Re1 Bf2 14. Bd2 Bxe1 15. Qxe1 Bxe2 16. Qg3 Qg4 17. Qe3 Qh5 18. h3 Ne7 19. Bb3 d5 20. Rg1 dxe4 21. g4 Bxg4 22. Rxg4 Nxf5 23. Qxe4 Qxh3+ 24. Kg1 Nd6 25.
Qg6 Qxg4+ 26. Qxg4 Kh7 27. d4 f5 28. Qg3 Rf6 29. Kh1 f4 30. Bc2+ Kh8 31. Qg4 e4 32.
Bxf4 Raf8 33. Be5 Rf1+ 34. Kg2 R1f2+ 35. Kg3 Ne8 36. Bb3 R8f3+ 37. Kh4 Kh7 38. Qe6 Nf6 39. Bxf6 Rxf6 40. Qg8+ Kg6 41. Qe8+ Kh7 42. Qxe4+ R2f5 43. Bc2 Kg6 44. Qe8+ Kh7 45. Bxf5+ Rxf5 46. Qe4 Kg6 47.
Qxb7 Kf6 48. Qxa7 Rf4+ 49. Kg3 g5 50. Qxc7 h5 51. Qe5+ Kg6 52. Qxf4 h4+ 53. Qxh4 gxh4+ 54. Kxh4 1-0

[Event "*** Titled Tuesday Blitz"]
[Site "Chess.com"]
[Date "2021.02.16"]
[Round "1"]
[White "Goryachkina"]
[Black "Cambek64"]
[Result "1-0"]
[WhiteElo "2659"]
[BlackElo "2352"]
[TimeControl "180+1"]
[EndTime "10:08:11 PST"]
[Termination "Goryachkina won on time"]

1. e4 e6 2. d4 d5 3. e5 c5 4. c3 Nc6 5. Nf3 Bd7 6. Be2 Rc8 7. O-O cxd4 8. cxd4 Nge7 9. Nc3 Nf5 10. Be3 Be7 11. Bd3 Nxe3 12. fxe3 O-O 13. Rc1 Na5 14. Qe2 Bc6 15. Nd2 f5 16. exf6 Rxf6 17. Rxf6 gxf6 18. Qg4+ Kh8 19. Qxe6 Rc7 20. Rf1 Qg8 21. Qf5 a6 22. Rf3 b5 23. Rh3 Bd8 24. a3 Nc4 25. Nxc4 dxc4 26. Be4 Bxe4 27. Nxe4 Rg7 28. Rg3 Rxg3 29. Nxg3 Qe8 30. e4 Qc6 31. h3 Qd6 32. Ne2 Bb6 33. Qf2 a5 34. Kh1 b4 35. axb4 axb4 36. Qf5 Kg7 37. Qg4+ Kf8 38. Qc8+ Kg7 39. Qxc4 Kh6 40. Qc1+ Kg7 41. Qe3 Qc7 42. Qg3+ Qxg3 43. Nxg3 Kg6 44. Nf5 Kg5 45. Kg1 Kf4 46. Nd6 Bxd4+ 47. Kf1 Be5 48. Nc4 Kxe4 49. Ke2 Bd4 50. b3 f5 51. Nd6+ Kf4 52. Kd3 1-0

[Event "*** Titled Tuesday Blitz"]
[Site "Chess.com"]
[Date "2021.02.16"]
[Round "1"]
[White "Nils_03"]
[Black "swisspower96"]
[Result "0-1"]
[WhiteElo "2330"]
[BlackElo "2631"]
[TimeControl "180+1"]
[EndTime "10:08:14 PST"]
[Termination "swisspower96 won by resignation"]

1. e4 c5 2. Nf3 Nc6 3. Bb5 g6 4. Bxc6 dxc6 5. d3 Bg7 6. O-O e5 7. Nbd2 Qc7 8. a3 Nf6 9. b4 Nd7 10. Nc4 O-O 11. Bd2 Re8 12. Bc3 b5 13. Ne3 h6 14. Qe2 Bb7 15. Rfb1 cxb4 16. axb4 c5 17.
bxc5 Nxc5 18. Ba5 Qd7 19. Nd2 Ne6 20. Nb3 Rac8 21. Bb4 a6 22. h3 f5 23. exf5 Nd4 24. Qd1 gxf5 25. Nxd4 exd4 26. Nf1 Qc6 27. f3 Re6 28.
Ng3 Qd5 29. Nh5 Be5 30. Qd2 Rg6 31. Kf1 Rg5 32. Nf4 Bxf4 33. Qxf4 Rxc2 34. Re1 Rg7 35. Qxh6 Bc6 36. Qe6+ Qxe6 37. Rxe6 Bd7 38. Re7 Rxe7 39. Bxe7 Bc8 40. Bf6 f4 41. Bxd4 b4 42. Be5 Bf5 43.
Bxf4 Bxd3+ 44. Kg1 b3 45. Be5 b2 46. Bxb2 Rxb2 47.
Ra3 Bb5 48. Re3 a5 49. Re5 a4 50. Re7 a3 51. Ra7 a2 52. Kh2 Bc4 53. f4 Rb1 54. f5 a1=Q 55. Rxa1 Rxa1 56. Kg3 Kf7 57. Kh4 Kf6 58.
g4 Bd3 59. Kg3 Ra3 60. Kf4 Ra4+ 61. Kg3 Bf1 62. h4 Be2 63. g5+ Kxf5 0-1

[Event "*** Titled Tuesday Blitz"]
[Site "Chess.com"]
[Date "2021.02.16"]
[Round "1"]
[White "azikom"]
[Black "davigator"]
[Result "0-1"]
[WhiteElo "2640"]
[BlackElo "2361"]
[TimeControl "180+1"]
[EndTime "10:08:15 PST"]
[Termination "davigator won on time"]

1. d4 Nf6 2. Nf3 e6 3. Bg5 c5 4. e3 Qb6 5. Qc1 d5 6. c3 Bd7 7. Nbd2 Be7 8. a4 a6 9. Be2 O-O 10. Ne5 Rc8 11. O-O Be8 12. a5 Qc7 13. Bf4 Qd8 14. Qb1 Nc6 15. Qa2 Nxe5 16. Bxe5 Nd7 17.
Bg3 Nb8 18. Nb3 c4 19. Nd2 f6 20. e4 Bg6 21. Rfe1 Nc6 22. exd5 exd5 23. Bg4 f5 24. Be2 Qf8 25. Bf4 Bd8 26. b4 cxb3 27. Nxb3 Bf7 28.
h3 g5 29. Bd2 Qd6 30. Bd3 Bc7 31. g3 f4 32. gxf4 gxf4 33. f3 Kh8 34. Kh2 Rg8 35. Rg1 Rg3 36. Rxg3 fxg3+ 37. Kg2 Be6 38. Rh1 Rf8 39. Nc5 Nxa5 40. Qb1 Bg8 41. Nxb7 Nxb7 42. Qxb7 Rb8 43. Qa7 Rb2 44. Rd1 Be6 45. Qa8+ Kg7 46.
Qe8 Bf7 47. Qe3 a5 48. Qg5+ Qg6 49. Qe7 Qxd3 50. Qxc7 Qe2+ 51. Kxg3 Rxd2 52. Rxd2 Qxd2 53.
Qe5+ Kg8 54. Qb8+ Kg7 55. Qe5+ Kh6 56. Qf6+ Bg6 57. Qf8+ Kh5 0-1

[Event "*** Titled Tuesday Blitz"]
[Site "Chess.com"]
[Date "2021.02.16"]
[Round "1"]
[White "Sokoloco"]
[Black "TimofeevAr"]
[Result "1-0"]
[WhiteElo "2458"]
[BlackElo "2873"]
[TimeControl "180+1"]
[EndTime "10:08:16 PST"]
[Termination "Sokoloco won by resignation"]

1. b3 c5 2. Bb2 d6 3. e3 Nc6 4. f4 Nf6 5. Nf3 g6 6. Bb5 Bg7 7. O-O O-O 8. Bxc6 bxc6 9. d3 a5 10. a4 Bg4 11. Nbd2 Nd5 12. Bxg7 Nxe3 13. Qe1 Nxf1 14.
Bxf8 Nxd2 15. Bxe7 Nxf3+ 16. gxf3 Qd7 17. fxg4 Re8 18.
Qg3 Qxe7 19. Rf1 Qe2 20. Qg2 d5 21. Qxe2 Rxe2 22. Rf2 Re3 23. Kg2 f5 24. gxf5 gxf5 25.
Rf3 Re1 26. Rf1 Re8 27. Kf2 Kf7 28. Re1 Rb8 29. Re3 Rb4 30. Kf3 h5 31. Re5 Kf6 32. Re8 c4 33. bxc4 dxc4 34. Rc8 cxd3 35. Rxc6+ Ke7 36. cxd3 Rxa4 37. Rc5 Ke6 38. Rc6+ Kd5 39. Rf6 Ra1 40. Rxf5+ Kd4 41. Rxh5 a4 42. Ra5 a3 43. f5 Kc3 44. f6 Kb4 45. Rf5 Rf1+ 46. Ke4 Re1+ 47.
Kd5 Re8 48. f7 Rf8 49. Ke6 a2 50. Rf1 Ra8 51. Ke7 Ra7+ 52. Kf6 Ra8 53. Kg7 a1=Q+ 54. Rxa1 Rxa1 55. f8=Q+ Kb3 56. Qf7+ Kc2 57. Qc4+ Kd2 58. h4 Rg1+ 59. Kh6 Rh1 60. h5 Ke3 61. Kg6 Rg1+ 62. Kh7 Rh1 63. Qe4+ Kf2 64. Qxh1 Kg3 65. h6 Kg4 66.
Kg7 Kg5 67. h7 Kf5 68. h8=Q Ke5 69. Kf7+ Kd6 70. Qf6+ Kc7 71. Qhc6+ Kb8 72. Qd8+ 1-0

[Event "*** Titled Tuesday Blitz"]
[Site "Chess.com"]
[Date "2021.02.16"]
[Round "1"]
[White "KuzubovYuriy"]
[Black "profofchess"]
[Result "1-0"]
[WhiteElo "2830"]
[BlackElo "2427"]
[TimeControl "180+1"]
[EndTime "10:08:17 PST"]
[Termination "KuzubovYuriy won by resignation"]

1. d4 Nf6 2. Nf3 e6 3. c4 c5 4.
d5 exd5 5. cxd5 d6 6. Nc3 g6 7.
g3 Bg7 8. Bg2 O-O 9. O-O a6 10. a4 Re8 11. Bf4 b6 12. Re1 Nh5 13. Bg5 Qc7 14. Qc1 Nd7 15. Bh6 Bh8 16. e4 Ne5 17. Nxe5 Bxe5 18. f4 Bd4+ 19. Kh1 Rb8 20. Bf3 Bh3 21. Ne2 Bg7 22. Bxg7 Nxg7 23. Ng1 Bd7 24.
Bg2 f5 25. Nf3 Rxe4 26. Rxe4 fxe4 27. Ng5 Nf5 28. Nxe4 Rf8 29. Qc3 Nd4 30. Re1 Bxa4 31. b4 Bb5 32. bxc5 bxc5 33. Ng5 Re8 34. Ne6 Nxe6 35.
dxe6 Bc6 36. Bxc6 Qxc6+ 37. Kg1 Qb7 38. g4 Qb4 39. Qe3 Qd4 40. Qxd4 cxd4 41. Kf2 Kg7 42.
Re4 Kf6 43. Rxd4 Kxe6 44. Ra4 Ra8 45. Ra5 d5 46. Ke3 Kd6 47. Kd4 Kc6 48. f5 gxf5 49. gxf5 Kb6 50. Ra1 a5 51. f6 a4 52. Kxd5 Rf8 53.
Ke6 Re8+ 54. Kf7 Re4 55. Kg7 Rg4+ 56. Kxh7 Rh4+ 57. Kg7 Rxh2 58. Rxa4 Rg2+ 59. Kf8 Kc6 60. Rd4 Rh2 61. f7 Rh8+ 62. Kg7 Ra8 1-0

[Event "*** Titled Tuesday Blitz"]
[Site "Chess.com"]
[Date "2021.02.16"]
[Round "1"]
[White "VladimirBelous"]
[Black "onnoelgersma"]
[Result "1-0"]
[WhiteElo "2809"]
[BlackElo "2419"]
[TimeControl "180+1"]
[EndTime "10:08:17 PST"]
[Termination "VladimirBelous won on time"]

1. c4 e6 2. Nf3 d5 3. g3 Nf6 4. Bg2 Be7 5. O-O O-O 6. Qc2 c5 7. d4 cxd4 8. Nxd4 Nc6 9. Nxc6 bxc6 10. Rd1 Ba6 11. b3 Qb6 12. Nc3 dxc4 13. Be3 Qb4 14. bxc4 Rad8 15. Bxa7 Qxc4 16. Bf1 Nd5 17. Rdc1 Bf6 18.
Nxd5 cxd5 19. Rab1 Qxc2 20. Rxc2 Bc4 21. e3 Ra8 22. Bxc4 Rxa7 23. Bb5 Rfa8 24. a4 g6 25. Rc6 Kg7 26. Kg2 d4 27. e4 h5 28. f4 e5 29.
Kf3 h4 30. gxh4 exf4 31. h5 Rh8 32. hxg6 fxg6 33. Rb2 Rh3+ 34. Kxf4 d3 35. Rg2 g5+ 36. Kf5 Rf3+ 37. Ke6 Re7+ 38. Kd6 Rxe4 39. Kc5 Re5+ 40.
Kb6 Re7 41. Rd6 Be5 42. Rxg5+ Kf7 43. Rxd3 Rxd3 44. Bxd3 Bxh2 45. Bc4+ Kf6 46. Rg2 Be5 47. a5 Bd4+ 48. Kb5 Kf5 49. a6 Kf4 50. Kc6 Be3 51.
Bd5 Ba7 52. Rb2 Bd4 53. Rb1 Be3 54. Rf1+ Ke5 55. Re1 Kd4 56. Rd1+ Kc3 57. Bg2 Bd4 58. Bf1 Rg7 59. Rd3+ Kc4 60. Rg3+ 1-0

[Event "*** Titled Tuesday Blitz"]
[Site "Chess.com"]
[Date "2021.02.16"]
[Round "1"]
[White "GiorgianBarbosa"]
[Black "AlexTriapishko"]
[Result "0-1"]
[WhiteElo "2428"]
[BlackElo "2839"]
[TimeControl "180+1"]
[EndTime "10:08:18 PST"]
[Termination "AlexTriapishko won by checkmate"]

1. d4 Nf6 2. Nf3 d5 3. Bf4 c5 4.
c3 Nc6 5. e3 e6 6. Bd3 Nh5 7.
Bg3 g6 8. Nbd2 Be7 9. O-O Nxg3 10. hxg3 O-O 11. Qe2 Qb6 12. Rab1 a5 13. a3 a4 14. Rfd1 Rd8 15. Bc2 Bd7 16. Bd3 Be8 17. Nf1 Bf6 18. N1h2 Bg7 19. g4 h6 20. g5 hxg5 21. Nxg5 e5 22.
dxe5 Nxe5 23. Bc2 Bb5 24. Qe1 Bc4 25. Nhf3 Qf6 26. Nxe5 Qxe5 27. Nf3 Qe7 28. Rd2 b5 29. Rbd1 b4 30. axb4 cxb4 31. cxb4 Bxb2 32. Bxg6 Bc3 33. Bb1 a3 34. Nd4 a2 35. Bxa2 Rxa2 36. Nc6 Qe8 37. Nxd8 Rxd2 38. Rxd2 Bxd2 39. Qxd2 Qxd8 40. e4 d4 41. g3 d3 42. e5 Qd4 43. Qg5+ Kf8 44. Qh6+ Ke8 45. Qh8+ Kd7 46. Qb8 d2 47. Qb7+ Ke6 48. Qc8+ Kxe5 49. Qc7+ Kf5 50. Qc8+ Be6 51. Qc2+ Kf6 52. Qd1 Bg4 53. Qa1 d1=Q+ 54. Qxd1 Qxd1+ 55. Kh2 Bf3 56. Kh3 Qh1# 0-1

[Event "*** Titled Tuesday Blitz"]
[Site "Chess.com"]
[Date "2021.02.16"]
[Round "1"]
[White "Borsuk_Konstantin"]
[Black "agartha01"]
[Result "1/2-1/2"]
[WhiteElo "2688"]
[BlackElo "2388"]
[TimeControl "180+1"]
[EndTime "10:08:18 PST"]
[Termination "Game drawn by repetition"]

1. d4 d5 2. c4 c6 3. Nc3 Nf6 4.
e3 e6 5. Nf3 Nbd7 6. Qc2 Be7 7.
Bd3 O-O 8. O-O dxc4 9. Bxc4 b5 10. Be2 a6 11. a3 c5 12. dxc5 Nxc5 13. b4 Ncd7 14.
e4 Bb7 15. e5 Nd5 16. Ne4 Rc8 17. Qb1 h6 18. Re1 N7b6 19. Bb2 Na4 20. Bd4 Nac3 21. Nxc3 Nxc3 22. Bxc3 Rxc3 23. Qb2 Qc7 24. Qd2 Rc8 25.
Qf4 Bd5 26. h3 Qb6 27. a4 Rb3 28. axb5 axb5 29. Rab1 Rxb1 30. Rxb1 Bc4 31. Bxc4 Rxc4 32. Qd2 Qd8 33. Qe1 Qf8 34. Qe2 Bxb4 35. Qd3 g6 36. h4 Qc5 37. h5 Rc1+ 38. Rxc1 Qxc1+ 39. Kh2 g5 40. Qxb5 Bf8 41. Qa4 Qc5 42. Qe4 Bg7 43. Kh3 Qxf2 44. Qd3 Bf8 45. Qe4 Qc5 46. Nh2 Qc3+ 47.
g3 Bg7 48. Ng4 Qc1 49. Qa8+ Bf8 50. Nf6+ Kg7 51. Qe4 Qf1+ 52. Kh2 Qf5 53. Qe3 g4 54. Ne8+ Kg8 55. Nf6+ Kg7 56. Ne8+ Kg8 57. Nf6+ Kg7 1/2-1/2

[Event "*** Titled Tuesday Blitz"]
[Site "Chess.com"]
[Date "2021.02.16"]
[Round "1"]
[White "iulik86"]
[Black "andrzej"]
[Result "1-0"]
[WhiteElo "2642"]
[BlackElo "2340"]
[TimeControl "180+1"]
[EndTime "10:08:18 PST"]
[Termination "iulik86 won by checkmate"]

1. e4 c5 2. Nf3 e6 3. g3 Nc6 4. Bg2 Nf6 5. Qe2 g6 6. O-O Bg7 7. c3 O-O 8. d4 d5 9. e5 Ne4 10. Nbd2 cxd4 11. cxd4 f5 12. exf6 Nxf6 13. Nb3 Ne4 14.
Be3 a5 15. Rfc1 Qe7 16. Nc5 Nxc5 17. Rxc5 Bd7 18. Rac1 Qd6 19. a3 b6 20. R5c2 a4 21.
h4 Na5 22. Bf4 Rxf4 23. gxf4 Nb3 24. Rd1 Qxf4 25. Qe3 Qf5 26. Rc7 Bb5 27. Ng5 Re8 28.
Bh3 Qf6 29. Rf7 Qxf7 30. Nxf7 Kxf7 31. Qf4+ Kg8 32. Qd6 Nxd4 33. Qxb6 Ne2+ 34. Kh1 Bc4 35. Bxe6+ Kh8 36. Bg4 Nf4 37. Qc6 Rf8 38. Qd6 Bb3 39.
Rd2 d4 40. Rxd4 Bxd4 41. Qxf8+ Bg8 42. Qxf4 Bg7 43. Qxa4 h5 44. Bf3 Kh7 45. Qb4 Be6 46. Be4 Bf7 47. Qd6 Kh6 48. Kg2 Bxb2 49. Qf4+ Kg7 50. a4 Bf6 51. a5 Bd8 52. Qe5+ Bf6 53. Qc5 Bxh4 54. a6 Bf6 55. a7 h4 56. a8=Q h3+ 57. Kh2 Be6 58. Qb7+ Kh6 59. Qe3+ g5 60. Qxh3+ Bxh3 61. Qh7# 1-0